 Dungeon Crawl Stone Soup version 0.31-a0-986-g5e6e4ef867 (webtiles) character file.

Game seed: 7025220488635963345

469 Sabo the Chopper (level 6, 0/47 HPs)
             Began as a Demonspawn Gladiator on Nov 22, 2023.
             Was an Initiate of Hepliaklqana.
             Slain by an orc
             ... wielding a +2 heavy war axe
              (10 damage)
             ... on level 3 of the Dungeon.
             The game lasted 00:11:06 (1923 turns).

Sabo the Chopper (Demonspawn Gladiator)             Turns: 1923, Time: 00:11:06

Health: 0/47       AC: 12    Str: 16    XL:     6   Next: 82%
Magic:  6/6        EV:  4    Int:  9    God:    Hepliaklqana [......]
Gold:   121        SH: 12    Dex: 15    Spells: 5/5 levels left

rFire   . . .        a - +0 war axe
rCold   . . .        m - +0 tower shield
rNeg    . . .        b - +0 chain mail
rPois   .            (helmet restricted)
rElec   .            n - +0 cloak
rCorr   .            (no gloves)
SInv    .            (no boots)
Will    .....        h - amulet of magic regeneration Stlth
                     (no ring)
HPRegen 0.27/turn    (no ring)
MPRegen 0.50/turn

%: no passive effects
@: no status effects
A: antennae 1, thin metallic scales 2, spiny 1
a: Renounce Religion


You were on level 3 of the Dungeon.
You worshipped Hepliaklqana.
Hepliaklqana was noncommittal.
You visited 1 branch of the dungeon, and saw 3 of its levels.

You collected 121 gold pieces.

Inventory:

Hand Weapons
 a - a +0 war axe (weapon)
 o - a +0 longbow
Missiles
 d - a throwing net
Armour
 b - a +0 chain mail (worn)
 c - a +0 helmet
 k - a +0 hat
 m - a +0 tower shield (worn)
 n - a +0 cloak (worn)
Jewellery
 h - an amulet of magic regeneration (around neck)
Scrolls
 f - a scroll of enchant armour {unknown}
 i - a scroll of teleportation {unknown}
 q - a scroll of revelation {unknown}
Potions
 g - a potion of degeneration {unknown}
 j - a potion of might {unknown}


   Skills:
 + Level 3.1 Fighting
 + Level 5.1 Axes
 + Level 2.4 Throwing
 + Level 2.2 Armour
 + Level 3.2 Dodging
 + Level 1.2 Stealth
 + Level 1.4 Shields


You had 5 spell levels left.
You didn't know any spells.
Your spell library contained the following spells:

 Spells                   Type           Power      Damage    Failure   Level
 Sublimation of Blood     Necr           0%         N/A       100%        2
 Wereblood                Tmut           0%         N/A       100%        2
 Summon Hydra             Summ           0%         N/A       100%        7


Dungeon Overview and Level Annotations

Branches:
Dungeon (3/15)

Altars:
Hepliaklqana


Innate Abilities, Weirdness & Mutations

You have a pair of small antennae on your head.
You are mostly covered in thin metallic scales. (AC +3)
You are partially covered in sharp spines.


Message History

You kill the orc!
Something hits you!
Items here: ))) [ †.
You hit something but do no damage. Something hits you but does no damage.
You block something's attack.
You closely miss something. Something hits you!
You hit something. Something hits you but does no damage.
You hit something. Something hits you.
You miss something. Something hits you.
You slash something! Something hits you.
You barely miss something. Something hits you.
You closely miss something. Something hits you.
You miss something. Something hits you but does no damage.
You miss something. Something hits you.
* * * LOW HITPOINT WARNING * * *
Something hits you.
* * * LOW HITPOINT WARNING * * *
You feel better.
You hit something. Something hits you but does no damage.
You barely miss something. Something hits you but does no damage.
You miss something.
You hear some strange, mumbled words.
A puff of flame appears from out of thin air!
The puff of flame misses you. Something hits you!
You miss something.
Reactivating autopickup.
You feel a bit more experienced.
Your Fighting skill increases to level 3!
Your Axes skill increases to level 5!
Your Armour skill increases to level 2!
You slash the orc!
You kill the orc!
You hear the brisk rusting of a very distant drain.
The orc zaps a wand.
The puff of flame hits you.
* * * LOW HITPOINT WARNING * * *
The orc completely misses you.
Items here: ))) [ †††.
You hit the orc.
The orc is moderately wounded.
The orc hits you with a +2 heavy war axe!
You die...

#### . #... ..##...
....... #############
o......#####...........#
...()).o@)...###.......#
......<####### #.......#
....... #.......#
....... ##.###..#
....... ## #..##..##
........ ....#......#
####....#### #....†.#.#
#.##.... ....###....#
#.###..# .##. #.....


You could see an orc.

Vanquished Creatures
  Grinder (D:3)
  Sigmund (D:3)
  An orc wizard (D:3)
  4 adders
  2 dart slugs
  5 orcs (D:3)
  4 endoplasms
  7 hobgoblins
  3 kobolds
  4 ball pythons
  6 bats
  3 frilled lizards
  5 goblins
  7 rats
53 creatures vanquished.

Notes
Turn   | Place    | Note
-------+----------+-------------------------------------------
     0 | D:1      | Sabo the Demonspawn Gladiator began the quest for the Orb.
     0 | D:1      | Reached XP level 1. HP: 16/16 MP: 1/1
   154 | D:1      | Reached skill level 3 in Axes
   174 | D:1      | Gained mutation: You are partially covered in sharp spines.
                  | [demonic ancestry]
   174 | D:1      | Reached XP level 2. HP: 19/22 MP: 2/2
   637 | D:2      | Reached XP level 3. HP: 28/28 MP: 3/3
  1179 | D:2      | Found a hazy altar of Hepliaklqana.
  1307 | D:2      | Became a worshipper of Hepliaklqana the Forgotten
  1601 | D:3      | Noticed Grinder
  1614 | D:3      | HP: 1/28 [Grinder/nerve-wracking pain (11)]
  1615 | D:3      | Killed Grinder
  1616 | D:3      | Reached skill level 4 in Axes
  1616 | D:3      | Reached skill level 1 in Armour
  1616 | D:3      | Reached skill level 1 in Stealth
  1616 | D:3      | Reached skill level 1 in Shields
  1616 | D:3      | Gained mutation: You are partially covered in thin metallic
                  | scales. (AC +2) [demonic ancestry]
  1616 | D:3      | Reached XP level 4. HP: 2/34 MP: 4/4
  1616 | D:3      | Gained mutation: You are mostly covered in thin metallic
                  | scales. (AC +3) [demonic ancestry]
  1616 | D:3      | Reached XP level 5. HP: 2/40 MP: 5/5
  1836 | D:3      | Found a faded altar of an unknown god.
  1894 | D:3      | Gained mutation: You have a pair of small antennae on your
                  | head. [demonic ancestry]
  1894 | D:3      | Reached XP level 6. HP: 46/46 MP: 6/6
  1895 | D:3      | Noticed Sigmund
  1920 | D:3      | Killed Sigmund
  1921 | D:3      | Reached skill level 5 in Axes
  1923 | D:3      | Slain by an orc

Illustrated notes

Levels and vault maps discovered:
D:1:      onia_arrival_pyramid, layout_rooms, serial_glass, glass_columns_b,
          glass_columns_a, nicolae_houndstooth_variations
D:2:      layout_loops_ring, basic_altar
D:3:      layout_rooms, dreamdust_ecumenical_altar_grove, portal_sewer_entry_f,
          uniq_sigmund, uniq_crazy_yiuf_cottage, uniq_grinder

Skill      XL: |  1  2  3  4  5  6 |
---------------+-------------------+-----
Axes           | 3 4 5 |  5.1
Throwing       | 2 |  2.4
Armour         | 1 2 |  2.2
Dodging        | 3 |  3.2
Stealth        | 1 |  1.2
Shields        | 1 |  1.4
Fighting       | 3 |  3.1

Action                     |  1- 3 |  4- 6 || total
---------------------------+-------+-------++-------
  Melee: War axe           |    83 |    35 ||   118
  Throw: Javelin           |     3 |     3 ||     6
         Throwing net      |     2 |       ||     2
    Use: Potion            |       |     2 ||     2
   Stab: Sleeping          |     2 |       ||     2
 Armour: Leather armour    |    28 |       ||    28
         Chain mail        |    23 |    37 ||    60
         Ring mail         |     3 |       ||     3
  Dodge: Dodged            |    27 |     4 ||    31
  Block: Kite shield       |     4 |       ||     4
         Tower shield      |    15 |    18 ||    33

Table legend: (Time is in decaauts)
 A = Elapsed time spent in this place.
 B = Non-inter-level travel time spent in this place.
 C = Inter-level travel time spent in this place.
 D = Time resting spent in this place.
 E = Time spent auto-exploring this place.
 F = Levels seen in this place.
 G = Mean time per level.
                   A        B        C        D        E       F      G
               +--------+--------+--------+--------+--------+-----+--------+
         Total |   1994 |   1994 |      0 |    198 |      0 |   3 |  664.7 |
       Dungeon |   1994 |   1994 |      0 |    198 |      0 |   3 |  664.7 |
               +--------+--------+--------+--------+--------+-----+--------+

Top non-repeatable levels by time:
     D:2: 995 daAuts
     D:1: 642 daAuts
     D:3: 356 daAuts
